 Dungeon Crawl Stone Soup version 0.30.0-30-g96aa6591b8 (webtiles) character file.

Game seed: 3378187179728372074

344 LustLizard the Firebug (level 6, 0/35 HPs)
             Began as a Deep Elf Fire Elementalist on July 1, 2023.
             Slain by a lemure (2 damage)
             ... led by Pikel
             ... on level 5 of the Dungeon.
             The game lasted 00:06:01 (4809 turns).

LustLizard the Firebug (Deep Elf Fire Elementalist) Turns: 4809, Time: 00:06:01

Health: 0/35       AC:  2    Str:  7    XL:     6   Next: 31%
Magic:  0/14       EV: 17    Int: 20    God:
Gold:   226        SH:  0    Dex: 15    Spells: 3/13 levels left

rFire   + . .        e - +0 trident
rCold   x . .        (no shield)
rNeg    . . .        a - +0 robe
rPois   .            (no helmet)
rElec   .            (no cloak)
rCorr   .            (no gloves)
SInv    .            (no boots)
Will    .....        (no amulet)
Stlth   +++          l - +5 ring of evasion
HPRegen 0.25/turn    i - ring of fire
MPRegen 0.14/turn

%: no passive effects
@: no status effects
A: no striking features
a: no special abilities


You were on level 5 of the Dungeon.
You visited 1 branch of the dungeon, and saw 5 of its levels.

You collected 226 gold pieces.

Inventory:

Hand Weapons
 e - a +0 trident (weapon)
Armour
 a - a +0 robe (worn)
Jewellery
 i - a ring of fire (right hand)
 l - a +5 ring of evasion (left hand)
 r - a ring of see invisible
 v - a ring of fire
Wands
 k - a wand of digging (2)
 n - a wand of roots (2) (quivered)
Scrolls
 d - 3 scrolls of blinking {unknown}
 f - a scroll of immolation {unknown}
 o - 2 scrolls of enchant armour {unknown}
 s - a scroll of amnesia {unknown}
 u - 2 scrolls of teleportation {unknown}
Potions
 b - a potion of magic
 c - 3 potions of brilliance
 g - 3 potions of curing
 j - a potion of flight {unknown}
 m - a potion of lignification {unknown}
 p - 2 potions of attraction {unknown}
 q - 3 potions of heal wounds
 t - a potion of resistance {unknown}
 w - a potion of degeneration {unknown}


   Skills:
 + Level 1.7 Fighting
 - Level 2.4 Dodging
 + Level 3.9 Stealth
 + Level 4.3 Spellcasting
 * Level 3.8 Conjurations
 * Level 5.0 Fire Magic


You had 3 spell levels left.
You knew the following spells:

 Your Spells              Type           Power      Damage    Failure   Level
a - Foxfire               Conj/Fire      100%       2x1d9     1%          1
b - Scorch                Fire           72%        2d8       2%          2
c - Inner Flame           Hex/Fire       21%        N/A       13%         3
d - Flame Wave            Conj/Fire      33%        2d10      21%         4

Your spell library contained the following spells:

 Spells                   Type           Power      Damage    Failure   Level
 Magic Dart               Conj           76%        1d6       2%          1
 Volatile Blastmotes      Fire/Tloc      42%        2d13      13%         3
 Call Imp                 Summ           8%         N/A       19%         2
 Mephitic Cloud           Conj/Pois/Air  9%         N/A       22%         3


Dungeon Overview and Level Annotations

Branches:
Dungeon (5/15)
 Temple: D:4-7

Altars:
Kikubaaqudgha
Sif Muna
Wu Jian

Annotations:
D:5 Eustachio, Pikel


Message History

The flame wave engulfs Pikel!
Pikel is heavily wounded.
The flame wave engulfs the lemure.
The lemure is burned terribly!
The lemure is severely wounded. (Press . to intensify the flame waves.)
The lemure hits you but does no damage. The lemure misses you.
Pikel misses you.
Unknown command.
Unknown command.
Casting: Flame Wave (extremely dangerous; 21% risk of failure)
Confirm with . or Enter, or press ? or * to list all spells.
You feel a surge of power!
Flames lash Pikel.
Pikel is severely wounded.
Pikel's fire resistance burns away.
The lemure is no longer more vulnerable to fire.
The lemure hits you!
Pikel hits you with a +2 whip of freezing.
Pikel freezes you.
* * * LOW HITPOINT WARNING * * *
The lemure hits you!
* * * LOW HITPOINT WARNING * * *
Casting: Scorch (safe; 2% risk of failure)
Confirm with . or Enter, or press ? or * to list all spells.
You don't have enough magic to cast this spell.
Unknown command.
Casting: Scorch (safe; 2% risk of failure)
Confirm with . or Enter, or press ? or * to list all spells.
You don't have enough magic to cast this spell.
Unknown command.
Okay, then.
Aiming: Fastroot
Press: ? - help, Q - select action, (/) - cycle Shift-Dir - straight line, f - Pikel
Aim: Pikel, wielding a +2 whip of freezing and wearing a +0 robe (severely wounded, more vulnerable to fire)
The roots erupt in riotous growth!
Roots grab Pikel.
Roots grab the lemure.
The grasping roots constrict Pikel, but do no damage.
The grasping roots constrict the lemure.
The lemure hits you.
You die...

#.......#####.# #####
####......5...#########....
#...#####.###........#.#
#...# ##.#.##.....#..#.#
#..5# #.#..............#
#...# ##...##.##.##..###
#...# ##.###.##.##.....
#...#####.###...........
...5..K@5..#..##.###....
.......5....#...... .....
..?.........#####.# #....
#.....####### #.# #....
#.###.# ... ...# # #.. ##.#
#. .#


You could see Pikel (combustible, rooted) and 3 lemures.

Vanquished Creatures
  Sigmund (D:2)
  Terence (D:2)
  A gnoll (D:1)
  6 adders
  A white imp (D:5)
  An ufetubus (D:5)
  3 worms
  A dart slug (D:1)
  3 orcs
  6 endoplasms
  2 giant cockroaches
  5 hobgoblins
  7 jackals (D:4)
  6 kobolds
  2 quokkas
  10 ball pythons
  5 bats
  4 frilled lizards
  6 goblins
  4 rats
75 creatures vanquished.

Vanquished Creatures (others)
  356 foxfires
356 creatures vanquished.

Grand Total: 431 creatures vanquished

Notes
Turn   | Place    | Note
-------+----------+-------------------------------------------
     0 | D:1      | LustLizard the Deep Elf Fire Elementalist began the quest
                  | for the Orb.
     0 | D:1      | Reached XP level 1. HP: 10/10 MP: 6/6
   345 | D:1      | Reached XP level 2. HP: 15/15 MP: 4/8
   650 | D:1      | Reached XP level 3. HP: 20/20 MP: 5/9
   912 | D:2      | Noticed Terence
   923 | D:2      | Killed Terence
  1019 | D:2      | Reached skill level 4 in Fire Magic
  1042 | D:2      | Noticed Sigmund
  1396 | D:2      | Reached XP level 4. HP: 24/24 MP: 4/11
  2255 | D:2      | Killed Sigmund
  2256 | D:2      | Reached skill level 1 in Fighting
  2256 | D:2      | Reached XP level 5. HP: 25/29 MP: 3/13
  2407 | D:3      | Learned a level 2 spell: Scorch
  2411 | D:3      | Learned a level 3 spell: Inner Flame
  2416 | D:3      | Learned a level 4 spell: Flame Wave
  3069 | D:3      | Reached XP level 6. HP: 34/34 MP: 10/14
  3500 | D:4      | Found an ornate altar of the Wu Jian Council.
  3500 | D:4      | Found an ancient bone altar of Kikubaaqudgha.
  3844 | D:4      | Reached skill level 5 in Fire Magic
  4296 | D:4      | Found a shimmering blue altar of Sif Muna.
  4414 | D:5      | Entered Level 5 of the Dungeon
  4427 | D:5      | Noticed Pikel
  4550 | D:5      | Noticed Eustachio
  4809 | D:5      | Slain by a lemure

Illustrated notes

Levels and vault maps discovered:
D:1:      grunt_arrival_crossed_arrows, layout_basic
D:2:      layout_basic, nrook_loot_triangle, uniq_terence, uniq_sigmund
D:3:      layout_basic, corexii_item_surrounded_by_moat
D:4:      layout_basic, amethyst_overflow_temple_binary, kennysheep_little_box,
          minmay_statues_item, nicolae_concentric_dashed_squares_mild
D:5:      layout_loops_cross, lemuel_temple_firewalk_b, uniq_eustachio,
          uniq_pikel, uniq_edmund

Skill      XL: |  1  2  3  4  5  6 |
---------------+-------------------+-----
Stealth        | 3 |  3.9
Conjurations   | 2 3 |  3.8
Fire Magic     | 4 5 |  5.0
Fighting       | 1 |  1.7
Spellcasting   | 4 |  4.3
Dodging        | |  2.4

Action                     |  1- 3 |  4- 6 || total
---------------------------+-------+-------++-------
  Melee: Trident           |     3 |    36 ||    39
   Cast: Foxfire           |    63 |   151 ||   214
         Scorch            |       |     5 ||     5
         Flame Wave        |       |     1 ||     1
  Evoke: Wand              |       |     1 ||     1
    Use: Scroll            |       |     3 ||     3
   Stab: Sleeping          |       |     1 ||     1
 Armour: Robe              |       |    12 ||    12
  Dodge: Dodged            |     4 |    31 ||    35
